 Dungeon Crawl Stone Soup version 0.28-a0-1506-g3893175d92 (webtiles) character file.

Game seed: 8371256658830904697

2838 testman the Myrmidon (level 9, 0/75 HPs)
             Began as a Demonspawn Monk on Jan 13, 2022.
             Was an Elder of Okawaru.
             Slain by a wyvern (11 damage)
             ... on level 8 of the Dungeon.
             The game lasted 00:24:34 (6368 turns).

testman the Myrmidon (Demonspawn Monk)              Turns: 6368, Time: 00:24:35

Health: 0/75       AC: 13    Str: 21    XL:     9   Next: 46%
Magic:  13/15      EV: 16    Int: 13    God:    Okawaru [****..]
Gold:   290        SH:  0    Dex: 15    Spells: 8/8 levels left

rFire   . . .      SeeInvis .   a - +0 spear
rCold   + . .      Faith    .   (no shield)
rNeg    + . .      Spirit   .   t - +2 robe {rC+}
rPois   .          Reflect  .   (no helmet)
rElec   .          Harm     .   (no cloak)
rCorr   .          Rampage  .   (no gloves)
Will    .....                   (no boots)
Stlth   +++.......              (no amulet)
HPRegen 0.22/turn               m - +6 ring of strength
MPRegen 0.14/turn               q - ring of positive energy

@: heroic, sanguine armoured, studying Translocations
A: spiny 3, sanguine armour 2, demonic touch 1
a: Renounce Religion, Heroism, Finesse


You were on level 8 of the Dungeon.
You worshipped Okawaru.
Okawaru was greatly pleased with you.
You visited 2 branches of the dungeon, and saw 9 of its levels.
You also visited: Ossuary.

You collected 290 gold pieces.

Inventory:

Hand Weapons
 a - a +0 spear (weapon)
Missiles
 g - 246 stones (quivered)
 h - 90 sling bullets
 x - 4 boomerangs
Armour
 t - a +2 robe of cold resistance (worn)
Jewellery
 m - a +6 ring of strength (left hand)
 q - a ring of positive energy (right hand)
Wands
 B - a wand of acid (12)
Scrolls
 b - a scroll of holy word {unknown}
 e - 5 scrolls of teleportation {unknown}
 i - a scroll of immolation {unknown}
 k - 2 scrolls of fear {unknown}
 l - a scroll of enchant armour
 n - 4 scrolls of amnesia
 u - a scroll of blinking
 v - a scroll of magic mapping
 w - a scroll of identify
 y - 2 scrolls of fog
 z - a scroll of enchant weapon {unknown}
 A - 2 scrolls of silence {unknown}
Potions
 c - a potion of berserk rage {unknown}
 d - a potion of might
 f - 3 potions of flight
 j - a potion of curing {unknown}
 o - a potion of attraction {unknown}
 p - a potion of degeneration {unknown}
 r - 2 potions of ambrosia {unknown}
 s - a potion of haste {unknown}


   Skills:
 + Level 8.4(13.4) Fighting
 + Level 7.8(12.8) Polearms
 - Level 2.8(7.8) Dodging
 - Level 2.0(7.0) Stealth
 + Level 8.7 Invocations


You had 8 spell levels left.
You didn't know any spells.
Your spell library contained the following spells:

 Spells                   Type           Power      Damage    Failure   Level
 Corpse Rot               Necr/Air       0%         N/A       43%         2
 Poisonous Vapours        Pois/Air       0%         N/A       43%         2
 Sublimation of Blood     Necr           0%         N/A       43%         2
 Petrify                  Tmut/Erth      0%         N/A       97%         4
 Irradiate                Conj/Tmut      0%         3d13      100%        5


Dungeon Overview and Level Annotations

Branches:
Dungeon (8/15)             Temple (1/1) D:4         Ossuary (visited)
   Lair: D:8-11

Altars:
Ashenzari
Cheibriados
Dithmenos
Elyvilon
Fedhas
Hepliaklqana
Kikubaaqudgha
Makhleb
Nemelex Xobeh
Okawaru
Qazlal
Ru
Sif Muna
Trog
Uskayaw
Vehumet
Wu Jian
Xom
Yredelemnul
Zin
The Shining One

Shops:
D:5 :


Innate Abilities, Weirdness & Mutations

You are completely covered in sharp spines.
When seriously injured, your blood forms thick armour. (AC +9)
Your touch may inflict minor irresistible damage on your foes.


Message History

The two-headed ogre is severely wounded.
You hit the two-headed ogre.
The two-headed ogre is almost dead.
The two-headed ogre hits you with a +0 giant spiked club!
* * * LOW HITPOINT WARNING * * *
The two-headed ogre completely misses you.
You hit the two-headed ogre.
The two-headed ogre is almost dead.
A wyvern comes into view.
You barely miss the two-headed ogre.
The two-headed ogre is almost dead.
You hit the two-headed ogre but do no damage.
The two-headed ogre is almost dead.
The two-headed ogre barely misses you. x2
You hit the two-headed ogre but do no damage.
The two-headed ogre is almost dead.
You barely miss the two-headed ogre.
You touch the two-headed ogre.
The two-headed ogre is almost dead.
The two-headed ogre is struck by your spines.
You kill the two-headed ogre!
Okawaru is honoured by your kill.
Your Invocations skill increases to level 8!
You don't know any spells.
You are too injured to fight recklessly!
Reach: a) +0 spear
Press: ? - help, Dir - move target, f - wyvern
Aim: a wyvern (about 28% to evade your +0 spear)
You reach to attack!
You hit the wyvern.
The wyvern is lightly wounded.
You hit the wyvern but do no damage. Your touch misses the wyvern.
Your punch misses the wyvern.
The wyvern is lightly wounded.
The wyvern is struck by your spines. The wyvern bites you!
* * * LOW HITPOINT WARNING * * *
You hit the wyvern.
The wyvern is heavily wounded.
You hit the wyvern but do no damage.
The wyvern is heavily wounded.
The wyvern is struck by your spines. The wyvern bites you!
You die...

###
#..
#.#
#.#
#@#
#l#
#D.
####


You could see a steam dragon and a wyvern.

Vanquished Creatures
  A two-headed ogre (D:8)
  Pikel (D:5)
  A water moccasin (D:7)
  2 black bears
  A sky beast (D:7)
  A necrophage (D:5)
  3 ogres
  3 lemures (D:5)
  A bullfrog (D:6)
  A scorpion (D:5)
  A water moccasin skeleton (D:6)
  A howler monkey (D:7)
  A centaur zombie (D:7)
  6 hounds
  2 bullfrog skeletons (D:6)
  An orc priest (D:5)
  A bullfrog zombie (D:7)
  A centaur skeleton (D:7)
  3 iguanas
  6 orc wizards
  4 hound skeletons (D:4)
  3 mummies (Ossuary)
  3 gnolls (D:6)
  10 adders
  2 white imps
  2 ufetubi
  An adder zombie (Ossuary)
  An adder skeleton (D:4)
  18 orcs
  4 ball pythons
  4 endoplasms
  4 giant cockroaches
  A gnoll zombie (Ossuary)
  6 goblins
  3 hobgoblins
  3 jackals (D:3)
  4 quokkas
  3 bats
  6 frilled lizards
  4 goblin zombies (Ossuary)
  5 hobgoblin zombies (Ossuary)
  5 kobolds
  2 kobold zombies (Ossuary)
  5 quokka zombies (Ossuary)
  5 rats
146 creatures vanquished.

Notes
Turn   | Place    | Note
-------+----------+-------------------------------------------
     0 | D:1      | testman the Demonspawn Monk began the quest for the Orb.
     0 | D:1      | Reached XP level 1. HP: 18/18 MP: 1/1
   333 | D:1      | Gained mutation: You are partially covered in sharp spines.
                  | [demonic ancestry]
   333 | D:1      | Reached XP level 2. HP: 21/24 MP: 2/2
   729 | D:2      | Found a shimmering altar of Xom.
   754 | D:2      | Found a faded altar of an unknown god.
   868 | D:2      | Gained mutation: Your touch may inflict minor irresistible
                  | damage on your foes. [demonic ancestry]
   868 | D:2      | Reached XP level 3. HP: 29/29 MP: 3/3
  2134 | D:4      | Reached XP level 4. HP: 37/37 MP: 4/4
  2278 | D:4      | Noticed an ogre
  2378 | D:4      | Gained mutation: You are mostly covered in sharp spines.
                  | [demonic ancestry]
  2378 | D:4      | Reached XP level 5. HP: 43/43 MP: 5/5
  2491 | D:4      | Found a staircase to the Ecumenical Temple.
  2509 | Temple   | Entered the Ecumenical Temple
  2874 | Temple   | Became a worshipper of Warmaster Okawaru
  2874 | Temple   | Reached * piety under Okawaru
  2874 | Temple   | Reached ** piety under Okawaru
  3001 | D:4      | Killed an ogre
  3002 | D:4      | Reached skill level 5 in Fighting
  3265 | D:4      | Gained mutation: You are completely covered in sharp
                  | spines. [demonic ancestry]
  3265 | D:4      | Reached XP level 6. HP: 47/51 MP: 6/6
  3345 | D:5      | Entered Level 5 of the Dungeon
  3403 | D:5      | Reached skill level 1 in Invocations
  3415 | D:5      | Found a sand-covered staircase.
  3424 | Ossuary  | Entered an ossuary
  3537 | Ossuary  | Reached skill level 5 in Polearms
  3719 | D:5      | Noticed Pikel
  3726 | D:5      | Reached XP level 7. HP: 13/56 MP: 6/9
  3751 | D:5      | Killed Pikel
  3751 | D:5      | Reached *** piety under Okawaru
  3860 | D:5      | Reached skill level 5 in Invocations
  3860 | D:5      | Gained mutation: When seriously injured, your blood forms
                  | armour. (AC +9) [demonic ancestry]
  3860 | D:5      | Reached XP level 8. HP: 36/65 MP: 11/11
  4400 | D:5      | Found Pust's Book Boutique.
  5234 | D:6      | Reached **** piety under Okawaru
  5765 | D:7      | Gained mutation: When seriously injured, your blood forms
                  | thick armour. (AC +9) [demonic ancestry]
  5765 | D:7      | Reached XP level 9. HP: 50/73 MP: 14/14
  6350 | D:8      | Noticed a two-headed ogre
  6364 | D:8      | Killed a two-headed ogre
  6368 | D:8      | Slain by a wyvern

Illustrated notes

Levels and vault maps discovered:
D:1:      psy_arrival_whirlpool, layout_rooms
D:2:      layout_loops_cross, nicolae_ecumenical_oubliette, basic_altar
D:3:      layout_basic
D:4:      layout_loops_ring, minmay_temple_entry_purple_smoke,
          minmay_misc_feat_roman
D:5:      layout_basic, serial_shops, nicolae_take_the_stairs,
          lightli_ossuary_entry_decrepit_ruins, minmay_manual_mess, uniq_pikel
D:6:      layout_loops_ring
D:7:      layout_cave_pools
D:8:      layout_loops_corners, grunt_gozag_breadcrumbs
Temple:   mainiacjoe_temple_trianglar_array

Skill      XL: |  1  2  3  4  5  6  7  8  9 |
---------------+----------------------------+-----
Stealth        | 2 |  2.0
Polearms       | 3 4 5 6 7 |  7.8
Fighting       | 4 5 6 7 8 |  8.4
Invocations    | 2 5 7 8 |  8.7
Dodging        | |  2.8

Action                   |  1- 3 |  4- 6 |  7- 9 || total
-------------------------+-------+-------+-------++-------
Melee: Spear             |   109 |   135 |   211 ||   455
       Punch             |     1 |     3 |     8 ||    12
       Touch             |     8 |    30 |    32 ||    70
Throw: Stone             |       |     1 |       ||     1
Invok: Heroism           |       |     3 |     2 ||     5
  Use: Scroll            |       |     8 |     2 ||    10
       Potion            |       |     1 |     2 ||     3
 Stab: Sleeping          |     8 |     5 |     5 ||    18
       Distracted        |       |       |     1 ||     1
Armor: Robe              |    13 |     3 |    22 ||    38
Dodge: Dodged            |    36 |    47 |    64 ||   147

Table legend: (Time is in decaauts)
 A = Elapsed time spent in this place.
 B = Non-inter-level travel time spent in this place.
 C = Inter-level travel time spent in this place.
 D = Time resting spent in this place.
 E = Time spent auto-exploring this place.
 F = Levels seen in this place.
 G = Mean time per level.
                   A        B        C        D        E       F      G
               +--------+--------+--------+--------+--------+-----+--------+
         Total |   6282 |   6114 |    168 |    658 |   4384 |  10 |  628.2 |
       Dungeon |   5634 |   5479 |    155 |    623 |   3956 |   8 |  704.2 |
        Temple |    378 |    365 |     13 |      0 |    361 |   1 |  378.0 |
       Ossuary |    269 |    269 |      0 |     35 |     67 |   1 |  269.0 |
               +--------+--------+--------+--------+--------+-----+--------+

Top non-repeatable levels by time:
     D:5: 1081 daAuts
     D:4: 963 daAuts
     D:7: 895 daAuts
     D:3: 723 daAuts
     D:1: 717 daAuts
     D:6: 662 daAuts
     D:2: 579 daAuts
  Temple: 378 daAuts
 Ossuary: 269 daAuts
     D:8: 9 daAuts
